 Dungeon Crawl Stone Soup version 0.28.0-43-g3370ac3207 (webtiles) character file.

Game seed: 18442993086872030144

161 pkoi the Insei (level 5, -9/46 HPs)
             Began as a Draconian Monk on Mar 15, 2022.
             Killed by an exploding bat (24 damage)
             ... ignited by their inner flame
             ... on level 3 of the Dungeon.
             The game lasted 00:02:50 (2467 turns).

pkoi the Insei (Draconian Monk)                     Turns: 2467, Time: 00:02:51

Health: -9/46      AC: 10    Str: 13    XL:     5   Next: 19%
Magic:  5/5        EV: 13    Int: 12    God:
Gold:   125        SH:  0    Dex: 14    Spells: 4/4 levels left

rFire   . . .      SeeInvis .     - Unarmed
rCold   . . .      Faith    .   (no shield)
rNeg    . . .      Spirit   .   (armour unavailable)
rPois   .          Reflect  .   (helmet restricted)
rElec   .          Harm     .   (no cloak)
rCorr   .          Rampage  .   (no gloves)
Will    .....                   d - +0 pair of boots
Stlth   ++........              (no amulet)
HPRegen 0.15/turn               b - +4 ring of protection
MPRegen 0.09/turn               (no ring)

@: weak-willed
A: AC +5, unfitting armour, cold-blooded
a: no special abilities


You were on level 3 of the Dungeon.
You visited 1 branch of the dungeon, and saw 3 of its levels.

You collected 125 gold pieces.

Inventory:

Hand Weapons
 e - a +0 whip
 m - a +0 shortbow
Armour
 d - a +0 pair of boots (worn)
 h - an orb of wrath
Jewellery
 b - a +4 ring of protection (left hand)
Potions
 c - a potion of invisibility {unknown}
 g - 2 potions of curing
 j - a potion of magic


   Skills:
 - Level 4.0 Fighting
 - Level 3.0 Dodging
 + Level 3.5 Stealth
 + Level 4.3 Unarmed Combat


You had 4 spell levels left.
You didn't know any spells.
Your spell library was empty.

Dungeon Overview and Level Annotations

Branches:
Dungeon (3/15)

Altars:

Shops:
D:2 (


Innate Abilities, Weirdness & Mutations

Your plain brown scales are hard. (AC +5)
You cannot fit into any form of body armour.
You are cold-blooded and may be slowed by cold attacks.


Message History

You hit the iguana.
The iguana is moderately wounded.
Natasha, Servant of Life and Death comes into view.
The gnoll closely misses you. The iguana bites you!
* * * LOW HITPOINT WARNING * * *
You hit the iguana.
The iguana is heavily wounded.
The gnoll misses you. The iguana bites you!
* * * LOW HITPOINT WARNING * * *
You barely miss the iguana.
You tail-slap the iguana, but do no damage.
The iguana is heavily wounded.
The gnoll misses you. The iguana barely misses you.
You hit the iguana.
The iguana is heavily wounded.
Natasha barely misses your goblin.
The iguana bites you but does no damage.
You swap places.
Your bat hits the iguana but does no damage.
Your bat barely misses the iguana.
Natasha wildly gestures.
Natasha shimmers violently.
Natasha barely misses your goblin.
Your bat barely misses the iguana.
The iguana completely misses your bat.
Your bat hits the iguana but does no damage. x2
Natasha claws your goblin. Flame seeps out of your goblin.
Your goblin is engulfed in blazing flames.
Your goblin's corpse dissolves into shadows!
Your goblin explodes!
The fiery explosion engulfs Natasha!!
You kill Natasha!
Natasha screams in fury as she dies!
The fiery explosion engulfs you!
* * * LOW HITPOINT WARNING * * *
The fiery explosion engulfs your bat!!!
Your bat's corpse dissolves into shadows!
Your bat explodes!
The fiery explosion engulfs you!!
Ouch! That really hurt!
You die...

#####.#######.....##
#.........##.......##
*,##...##.#.........#*
*,#.......'.........',
*,#....##.#.........#*
*,#.#.###.##.......##
#,#.### #.###.....##
#.#§#####.# ##...##
#..§○@.<..# ##'##
####§###### *,#
#§#*********,*
***#l#,,,,,,,,*,**
*,,ggg,,*****,,,,**
*,##.#g,,,,,,,,,,,*
*,*#.#..****,,,,,**
*,*#..,..,,*,,*,******
*,*###,.##,*,,*,*,,,,,


You could see an iguana (unaware), a gnoll and a hobgoblin.

Vanquished Creatures
  A hound (D:2)
  Natasha (twice) (D:3)
  An adder (D:2)
  A gnoll (D:3)
  4 dart slugs
  4 orcs (D:3)
  4 bats
  2 endoplasms (D:3)
  4 giant cockroaches
  8 goblins
  10 hobgoblins
  13 jackals
  5 kobolds
  A quokka (D:1)
  6 ball pythons
  A frilled lizard (D:1)
  3 rats
70 creatures vanquished.

Notes
Turn   | Place    | Note
-------+----------+-------------------------------------------
     0 | D:1      | pkoi the Draconian Monk began the quest for the Orb.
     0 | D:1      | Reached XP level 1. HP: 19/19 MP: 1/1
   118 | D:1      | Reached XP level 2. HP: 17/26 MP: 2/2
   240 | D:1      | Found a faded altar of an unknown god.
   512 | D:1      | Reached XP level 3. HP: 33/33 MP: 3/3
  1230 | D:2      | You fall into a shaft and drop 1 floor!
  1310 | D:3      | Reached XP level 4. HP: 36/40 MP: 4/4
  1653 | D:3      | Noticed Natasha
  1671 | D:3      | Killed Natasha
  2217 | D:2      | Found Danir's Weapon Emporium.
  2371 | D:2      | Reached XP level 5. HP: 46/46 MP: 5/5
  2462 | D:3      | Noticed Natasha
  2467 | D:3      | Killed Natasha
  2467 | D:3      | Killed by an exploding bat... ignited by their inner flame

Illustrated notes

Levels and vault maps discovered:
D:1:      dpeg_arrival_houses_and_road, layout_basic,
          shapermc_ecumenical_altar_notcrosses
D:2:      layout_basic, serial_shops, nicolae_shop_bloodbath_and_beyond
D:3:      layout_loops_corners, uniq_natasha

Skill      XL: |  1  2  3  4 |
---------------+-------------+-----
Stealth        | 2 3 |  3.5
Dodging        | 3 |  3.0
Fighting       | 4 |  4.0
Unarmed Combat | 4 |  4.3

Action                   |  1- 3 |  4- 6 || total
-------------------------+-------+-------++-------
Melee: Unarmed           |   154 |   105 ||   259
       Tailslap          |    22 |    14 ||    36
       Punch             |     3 |     1 ||     4
  Use: Scroll            |       |     9 ||     9
       Potion            |       |     1 ||     1
 Stab: Sleeping          |     4 |     2 ||     6
Armor: Skin              |    47 |    34 ||    81
Dodge: Dodged            |   102 |    66 ||   168
